 Dungeon Crawl Stone Soup version 0.27-a0-1188-g73eefd5def (webtiles) character file.

Game seed: 4484698729172001645

40731 siradein the Hand of Fortune (level 13, -9/101 HPs)
             Began as a Demonspawn Monk on May 21, 2021.
             Was the Champion of Nemelex Xobeh.
             Mangled by a death yak (20 damage)
             ... on level 6 of the Lair of Beasts.
             The game lasted 01:06:06 (17607 turns).

siradein the Hand of Fortune (Demonspawn Monk)     Turns: 17607, Time: 01:06:06

Health: -9/101     AC: 18    Str: 19    XL:     13   Next: 76%
Magic:  22/22      EV: 16    Int: 19    God:    Nemelex Xobeh [******]
Gold:   1140       SH:  0    Dex: 16    Spells: 12/12 levels left

rFire    . . .     SeeInvis .     - Unarmed
rCold    . . .     Faith    .   (no shield)
rNeg     . . .     Spirit   .   P - +3 leather armour of Liemid {Str+4 Int+6 Stlth+}
rPois    .         Reflect  .   y - +1 helmet
rElec    .         Harm     .   (no cloak)
rCorr    .         Rampage  .   (no gloves)
Will     .....                  (no boots)
Stlth    ++........             g - amulet of regeneration
HPRegen  1.26/turn              p - +4 ring of slaying
MPRegen  0.18/turn              Y - +4 ring of slaying

@: confused, ambrosia-drunk, marked, sanguine armoured
A: claws 2, spiny 3, sanguine armour 2, bedeviling
a: Renounce Religion, Draw Escape, Draw Destruction, Draw Summoning, Triple
Draw, Deal Four, Stack Five


You were on level 6 of the Lair of Beasts.
You worshipped Nemelex Xobeh.
Nemelex Xobeh was exalted by your worship.
You visited 3 branches of the dungeon, and saw 18 of its levels.
You also visited: Sewer.

You collected 1327 gold pieces.
You spent 187 gold pieces at shops.

Inventory:

Hand Weapons
 D - the +8 whip "Snakebite" {curare, rPois}
   (You found it on level 4 of the Lair of Beasts)

   It poisons the flesh of those it strikes.
   It protects you from poison.
 H - the +9 staff of Wucad Mu {*channel}
   (You found it on level 8 of the Dungeon)
Missiles
 w - 32 boomerangs
 z - 2 throwing nets
 K - 6 atropa-tipped darts
 M - 2 curare-tipped darts
 N - 40 poisoned darts (quivered)
Armour
 y - a +1 helmet (worn)
 I - +0 acid dragon scales
 P - the +3 leather armour of Liemid (worn) {Str+4 Int+6 Stlth+}
   (You found it on level 10 of the Dungeon)

   It affects your strength (+4).
   It affects your intelligence (+6).
   It makes you more stealthy.
 T - the +0 buckler of the Hanged Man {+Blink rC- rN+ Dex+3}
   (You found it on level 11 of the Dungeon)

   It affects your dexterity (+3).
   It makes you vulnerable to cold.
   It protects you from negative energy.
   It lets you blink.
Jewellery
 g - an amulet of regeneration (around neck)
 p - a +4 ring of slaying (left claw)
 A - a ring of flight
 U - a +6 ring of strength
 V - an amulet of faith
 W - a +4 ring of protection
 Y - a +4 ring of slaying (right claw)
Wands
 c - a wand of paralysis (7)
 d - a wand of acid (8)
 J - a wand of flame (28)
 L - a wand of iceblast (4)
 Q - a wand of polymorph (20)
 R - a wand of mindburst (6)
Scrolls
 b - a scroll of enchant weapon
 e - 2 scrolls of summoning
 i - 5 scrolls of amnesia {unknown}
 j - 10 scrolls of teleportation {unknown}
 l - 5 scrolls of fog {unknown}
 m - 2 scrolls of magic mapping
 n - 5 scrolls of fear
 o - 3 scrolls of blinking {unknown}
 t - a scroll of brand weapon {unknown}
 u - 3 scrolls of immolation
 v - 2 scrolls of silence
 X - 3 scrolls of enchant armour
Potions
 a - 3 potions of haste
 f - 10 potions of curing
 h - 3 potions of heal wounds
 k - 2 potions of might
 q - 3 potions of magic
 r - 2 potions of cancellation
 s - 6 potions of lignification
 x - 2 potions of mutation
 C - a potion of attraction
 E - 2 potions of flight
Miscellaneous
 O - a box of beasts
 S - a lightning rod (4/4)


   Skills:
 + Level 9.6 Fighting
 + Level 7.5 Throwing
 + Level 7.6 Armour
 + Level 8.8 Dodging
 - Level 1.7 Stealth
 * Level 12.0 Unarmed Combat
 + Level 12.2 Invocations
 + Level 5.6 Evocations


You had 12 spell levels left.
You didn't know any spells.
Your spell library contained the following spells:

 Spells                   Type           Power      Damage    Failure   Level
 Animate Skeleton         Necr           0%         N/A       24%         1
 Apportation              Tloc           0%         N/A       24%         1
 Magic Dart               Conj           0%         1d3       24%         1
 Pain                     Necr           0%         1d4       24%         1
 Corpse Rot               Necr/Air       N/A        N/A       34%         2
 Searing Ray              Conj           0%         3d3       34%         2
 Dazzling Flash           Conj/Hex       0%         N/A       56%         3
 Lesser Beckoning         Tloc           0%         N/A       56%         3
 Stone Arrow              Conj/Erth      0%         3d7       56%         3
 Tukima's Dance           Hex            0%         N/A       56%         3
 Vampiric Draining        Necr           0%         2d6       56%         3
 Animate Dead             Necr           0%         N/A       93%         4
 Fulminant Prism          Conj/Hex       0%         3d6       93%         4
 Iskenderun's Mystic Bla  Conj/Tloc      0%         2d3       93%         4
 Agony                    Necr           0%         N/A       100%        5
 Alistair's Intoxication  Tmut/Pois      0%         N/A       100%        5
 Bolt of Magma            Conj/Fire/Erth 0%         4d4       100%        5
 Hydra Form               Tmut           0%         N/A       100%        5
 Iskenderun's Battlesphe  Conj           0%         2d6       100%        5
 Summon Forest            Summ/Tloc      0%         N/A       100%        5
 Eringya's Noxious Bog    Tmut/Pois      0%         N/A       100%        6
 Invisibility             Hex            0%         N/A       100%        6
 Iron Shot                Conj/Erth      0%         9d1       100%        6
 Orb of Destruction       Conj           0%         N/A       100%        7
 Spellforged Servitor     Conj/Summ      0%         N/A       100%        7
 Summon Hydra             Summ           0%         N/A       100%        7


Dungeon Overview and Level Annotations

Branches:
Dungeon (11/15)            Temple (1/1) D:5            Lair (6/6) D:10
  Swamp (0/4) Lair:3        Snake (0/4) Lair:4          Orc (0/2) D:9
  Sewer (visited)
  Slime: Lair:5-6

Altars:
Ashenzari
Cheibriados
Dithmenos
Elyvilon
Fedhas
Gozag
Hepliaklqana
Kikubaaqudgha
Makhleb
Nemelex Xobeh
Okawaru
Qazlal
Ru
Sif Muna
Trog
Uskayaw
Vehumet
Wu Jian
Xom
Yredelemnul
Zin
The Shining One

Shops:
D:4 *   D:9 *

Annotations:
Lair:4 exclusion: 4 oklob plants


Innate Abilities, Weirdness & Mutations

You have very sharp fingernails.
You are completely covered in sharp spines.
When seriously injured, your bleeding wounds create thick armour. (AC +9)
Your maledictions are enhanced.


Message History

The death yak is struck by your spines.
The death yak gores you but does no damage.
The death yak is struck by your spines. The death yak gores you.
You feel sick. The death yak completely misses you.
The death yak is struck by your spines. The death yak closely misses you.
The death yak is struck by your spines. The death yak gores you!!
* * * LOW HITPOINT WARNING * * *
You feel sick.
You are no longer poisoned.
The death yak closely misses you.
You feel much better. The death yak is struck by your spines.
The death yak gores you! The death yak gores you!!
You are confused.
You feel invigorated. The death yak is struck by your spines.
The death yak barely misses you.
A dream sheep comes into view.
You barely miss the death yak.
The death yak is moderately wounded.
The dream sheep shake their wool and sparkle.
You feel drowsy...
You fall asleep.
The death yak is struck by your spines. The death yak misses you.
A dream sheep comes into view.
The death yak gores you!!
You wake up.
* * * LOW HITPOINT WARNING * * *
A six-headed hydra comes into view.
A fire crab comes into view.
You're too confused to move!
A jelly comes into view.
The death yak barely misses you.
A cane toad comes into view.
The death yak is struck by your spines. The death yak gores you!!
* * * LOW HITPOINT WARNING * * *
You are too confused!
You bump into the rock wall.
The death yak gores you but does no damage.
The death yak is struck by your spines. The death yak gores you!
* * * LOW HITPOINT WARNING * * *
You bump into the rock wall.
The death yak is struck by your spines. The death yak gores you!!
You die...
Your body glows with a rainbow of weird colours and disappears.

+..J#.##..#
..#..#..#...#
+....JY.Y#..#
#....JY##F.##
..#.... ##YY##
#...Y.# #J#.#
..#.P..###JY.#
+....P..#.JY##
.Y..P...JDYY@#
.#+....t...###
..........# ..
.........## ..#
.##.#....##
....#####P.###...#
...#..#.........##
#...............#
....#..........##


You could see 4 death yaks, a six-headed hydra, a fire crab, a cane toad, 2
dream sheep, 3 jellies and an endoplasm.

Vanquished Creatures
  7 hydras
  2 two-headed ogres
  2 death yaks (Lair:5)
  A tengu warrior (D:11)
  A lindwurm (Lair:5)
  Pikel (D:7)
  A cyclops (D:9)
  14 elephants
  6 black mambas
  A torpor snail (Lair:5)
  A gargoyle (D:11)
  7 cane toads
  A kobold demonologist (D:11)
  Maggie (D:8)
  3 rime drakes
  Psyche (D:9)
  7 komodo dragons
  A tengu conjurer (D:11)
  A troll (D:9)
  A polar bear (Lair:4)
  Grinder (D:4)
  13 blink frogs
  A shadow (D:10)
  2 wraiths (D:10)
  3 wyverns
  22 yaks
  Eustachio (D:4)
  5 steam dragons
  6 basilisks
  Menkaure (D:4)
  2 nagas (Lair:4)
  Edmund (D:4)
  17 water moccasins
  2 swamp worms (Lair:3)
  Duvessa (D:4)
  2 sky beasts
  3 black bears
  A hornet zombie (D:6)
  5 orc warriors
  10 wolves
  2 necrophages
  4 ogres
  4 centaurs
  6 kobold brigands
  A lemure (D:7)
  16 bullfrogs
  5 gnoll sergeants
  Dowan (D:4)
  A water moccasin zombie (D:5)
  A scorpion (D:4)
  A killer bee (D:10)
  6 wights
  2 howler monkeys (D:10)
  3 electric eels (Lair:4)
  3 centaur zombies
  2 bullfrog zombies
  2 hounds
  2 centaur skeletons (D:4)
  A gnoll shaman (D:8)
  5 orc priests
  A jelly (D:5)
  13 iguanas
  9 orc wizards
  A hound skeleton (D:4)
  15 gnolls
  A howler monkey skeleton (D:6)
  23 adders
  6 river rats
  A shadow imp (D:8)
  2 white imps
  2 ufetubi (D:6)
  5 worms (D:3)
  5 dart slugs
  46 orcs
  6 bats
  6 endoplasms
  3 giant cockroaches
  7 goblins
  8 hobgoblins
  10 jackals
  2 quokkas (D:2)
  20 ball pythons
  13 frilled lizards
  19 kobolds
  27 rats
478 creatures vanquished.

Vanquished Creatures (collateral kills)
  A two-headed ogre (D:11)
1 creature vanquished.

Vanquished Creatures (others)
  2 two-headed ogres (D:10)
  Prince Ribbit (D:8)
  An orc warrior (D:10)
  A howler monkey (D:10)
  A quokka (D:9)
  18 fungi
  38 plants
62 creatures vanquished.

Grand Total: 541 creatures vanquished

Notes
Turn   | Place    | Note
-------+----------+-------------------------------------------
     0 | D:1      | siradein the Demonspawn Monk began the quest for the Orb.
     0 | D:1      | Reached XP level 1. HP: 18/18 MP: 1/1
   396 | D:1      | Gained mutation: You have sharp fingernails. [demonic
                  | ancestry]
   396 | D:1      | Reached XP level 2. HP: 14/24 MP: 2/2
  1781 | D:2      | Reached XP level 3. HP: 28/29 MP: 3/3
  2218 | D:2      | Reached XP level 4. HP: 32/35 MP: 4/4
  2669 | D:3      | Reached skill level 5 in Unarmed Combat
  2765 | D:3      | Gained mutation: When seriously injured, your bleeding
                  | wounds create armour. (AC +9) [demonic ancestry]
  2765 | D:3      | Reached XP level 5. HP: 27/41 MP: 5/5
  2852 | D:3      | Found a glowing drain.
  2872 | Sewer    | Entered a sewer
  3257 | Sewer    | Gained mutation: When seriously injured, your bleeding
                  | wounds create thick armour. (AC +9) [demonic ancestry]
  3257 | Sewer    | Reached XP level 6. HP: 30/47 MP: 6/6
  3641 | D:3      | Found a burning altar of Makhleb.
  3678 | D:3      | Found a hazy altar of Hepliaklqana.
  3934 | D:3      | Found a basalt altar of Yredelemnul.
  4280 | D:4      | Noticed Eustachio
  4282 | D:4      | Noticed Grinder
  4462 | D:4      | Killed Grinder
  4463 | D:4      | Gained mutation: You are partially covered in sharp spines.
                  | [demonic ancestry]
  4463 | D:4      | Reached XP level 7. HP: 21/53 MP: 7/7
  4500 | D:4      | Killed Eustachio
  4678 | D:4      | Found Uzugumiq's Elemental Accessories.
  4729 | D:4      | Noticed Menkaure
  4739 | D:4      | Killed Menkaure
  4753 | D:4      | Reached skill level 1 in Throwing
  4771 | D:4      | Reached XP level 8. HP: 61/61 MP: 8/8
  4818 | D:4      | Noticed Dowan
  5103 | D:4      | Noticed Edmund
  5130 | D:4      | Killed Edmund
  5131 | D:4      | Reached skill level 1 in Armour
  5270 | D:4      | Noticed Duvessa
  5277 | D:4      | Killed Duvessa
  5279 | D:4      | Killed Dowan
  5411 | D:4      | Reached skill level 5 in Fighting
  5530 | D:5      | Entered Level 5 of the Dungeon
  5654 | D:5      | Found a staircase to the Ecumenical Temple.
  5686 | Temple   | Entered the Ecumenical Temple
  5939 | Temple   | Became a worshipper of Nemelex Xobeh the Trickster
  5939 | Temple   | Reached * piety under Nemelex Xobeh
  5939 | Temple   | Received a gift from Nemelex Xobeh
  5939 | Temple   | Reached ** piety under Nemelex Xobeh
  6080 | D:5      | Reached skill level 1 in Invocations
  6350 | D:5      | Reached XP level 9. HP: 63/68 MP: 10/10
  6638 | D:5      | Found a blossoming altar of Fedhas.
  6875 | D:6      | Reached skill level 5 in Dodging
  6977 | D:6      | Found an ancient bone altar of Kikubaaqudgha.
  7392 | D:6      | Found an opulent altar of Gozag.
  7704 | D:6      | Reached skill level 5 in Invocations
  7993 | D:7      | Noticed Pikel
  8003 | D:7      | Killed Pikel
  8129 | D:7      | Gained mutation: You are mostly covered in sharp spines.
                  | [demonic ancestry]
  8129 | D:7      | Reached XP level 10. HP: 63/76 MP: 14/14
  8469 | D:7      | Received a gift from Nemelex Xobeh
  8826 | D:8      | Noticed Prince Ribbit
  8838 | D:8      | Noticed Maggie
  8844 | D:8      | Killed Prince Ribbit
  9225 | D:8      | Found the +9 staff of Wucad Mu {*channel}
  9234 | D:8      | Reached *** piety under Nemelex Xobeh
  9234 | D:8      | Received a gift from Nemelex Xobeh
  9307 | D:8      | Killed Maggie
  9526 | D:9      | Noticed Erica
  9566 | D:9      | Found Hibi's Assorted Antiques.
  9576 | D:9      | Bought a glowing helmet for 187 gold pieces
  9615 | D:9      | Noticed Erica
  9615 | D:9      | Erica changed into Erica the cyclops
  9623 | D:9      | Killed Erica the cyclops
  9795 | D:9      | Found a hide-covered altar of Uskayaw.
  9849 | D:9      | Found a sacrificial altar of Ru.
  9878 | D:9      | Noticed Psyche
  9880 | D:9      | Killed Psyche
  9907 | D:9      | Found an iron altar of Okawaru.
 10004 | D:9      | Received a gift from Nemelex Xobeh
 10048 | D:9      | Found a staircase to the Orcish Mines.
 10060 | D:9      | Reached skill level 5 in Throwing
 10099 | D:9      | Gained mutation: You have very sharp fingernails. [demonic
                  | ancestry]
 10099 | D:9      | Reached XP level 11. HP: 51/84 MP: 17/17
 10405 | D:10     | Entered Level 10 of the Dungeon
 10410 | D:10     | Killed a two-headed ogre
 10414 | D:10     | Killed a two-headed ogre
 10513 | D:10     | Identified the +3 leather armour of Liemid {Str+4 Int+6
                  | Stlth+}
 10528 | D:10     | Found a snail-covered altar of Cheibriados.
 10559 | D:10     | Reached skill level 5 in Armour
 10567 | D:10     | You are sucked into a shaft and drop 1 floor!
 10744 | D:10     | Found an ornate altar of the Wu Jian Council.
 10824 | D:10     | Found a staircase to the Lair.
 10849 | D:10     | Noticed a two-headed ogre
 10863 | D:10     | Killed a two-headed ogre
 10873 | D:10     | Received a gift from Nemelex Xobeh
 10966 | D:10     | Reached **** piety under Nemelex Xobeh
 11000 | D:10     | Found a shimmering altar of Xom.
 11356 | D:11     | Received a gift from Nemelex Xobeh
 11390 | D:11     | Noticed a six-headed hydra
 11396 | D:11     | Killed a six-headed hydra
 11626 | D:11     | Reached skill level 10 in Invocations
 11739 | D:11     | Noticed a two-headed ogre
 11753 | D:11     | Killed a two-headed ogre
 11805 | D:11     | Noticed a tengu warrior
 11812 | D:11     | Killed a tengu warrior
 11813 | D:11     | Reached skill level 1 in Evocations
 11839 | D:11     | Identified the +0 buckler of the Hanged Man {+Blink rC- rN+
                  | Dex+3}
 11995 | D:11     | Noticed a two-headed ogre
 11997 | D:11     | Killed a two-headed ogre
 12181 | Lair:1   | Entered Level 1 of the Lair of Beasts
 12211 | Lair:1   | Reached skill level 10 in Unarmed Combat
 12497 | Lair:1   | Reached ***** piety under Nemelex Xobeh
 12575 | Lair:1   | Noticed an eight-headed hydra
 12582 | Lair:1   | Killed an eight-headed hydra
 12583 | Lair:1   | Gained mutation: Your maledictions are enhanced. [demonic
                  | ancestry]
 12583 | Lair:1   | Reached XP level 12. HP: 92/92 MP: 19/19
 12645 | Lair:1   | Received a gift from Nemelex Xobeh
 13089 | Lair:1   | Identified the +1 scale mail of the Cicada {Str+2}
 13261 | Lair:2   | Received a gift from Nemelex Xobeh
 13924 | Lair:2   | Received a gift from Nemelex Xobeh
 14182 | Lair:3   | Noticed a four-headed hydra
 14193 | Lair:3   | Killed a four-headed hydra
 14253 | Lair:3   | Found a staircase to the Swamp.
 14527 | Lair:3   | Received a gift from Nemelex Xobeh
 15135 | Lair:4   | Noticed a five-headed hydra
 15161 | Lair:4   | Killed a five-headed hydra
 15362 | Lair:4   | Found a staircase to the Snake Pit.
 15491 | Lair:4   | Gained mutation: You are completely covered in sharp
                  | spines. [demonic ancestry]
 15491 | Lair:4   | Reached XP level 13. HP: 99/101 MP: 21/21
 15866 | Lair:4   | Found the +8 whip "Snakebite" {curare, rPois}
 16375 | Lair:5   | Received a gift from Nemelex Xobeh
 16541 | Lair:5   | Identified the +3 trident of the Reaper {holy, *Slow rC++
                  | Int-3 Dex+9}
 16679 | Lair:5   | Reached skill level 5 in Evocations
 16913 | Lair:5   | Received a gift from Nemelex Xobeh
 16923 | Lair:5   | Reached ****** piety under Nemelex Xobeh
 17409 | Lair:6   | Entered Level 6 of the Lair of Beasts
 17409 | Lair:6   | Received a gift from Nemelex Xobeh
 17607 | Lair:6   | Mangled by a death yak

Illustrated notes

Levels and vault maps discovered:
D:1:      minmay_arrival_arboretum_small, layout_basic
D:2:      layout_basic, kennysheep_nondescript, minmay_randomly_rotated_circles
D:3:      layout_basic, lemuel_doored_altar, amcnicky_altar_gilded,
          nicolae_hepliaklqana_hazy_memory, lightli_sewer_entry_pipes
D:4:      layout_basic, nicolae_elemental_shop, kennysheep_generic_room_16,
          uniq_edmund, uniq_grinder, uniq_duvessa, uniq_menkaure, uniq_eustachio
D:5:      layout_layer_cave, fedhas_altar_4, minmay_temple_entry_slanted,
          minmay_tree_intersection, chequers_serial_rivers_room_b,
          roderic_nine_men_s_morris
D:6:      minmay_razor_zed, layout_loops_ring,
          nicolae_kikubaaqudgha_miasma_corner, general_overflow_altar
D:7:      layout_basic, minmay_lizard_king, uniq_pikel
D:8:      layout_cave_pools, uniq_prince_ribbit1, uniq_maggie
D:9:      layout_rooms, elyvilon_altar_4, kennysheep_okawaru_gauntlet,
          kennysheep_mini_moat, marbit_many_paths,
          kennysheep_orc_monster_closet_entryway, serial_shops, shop,
          uniq_psyche, uniq_erica
D:10:     layout_roguey, xom_confusion_cloud, nicolae_overflow_hidden_temple,
          lemuel_crystal_altar, lair_entry_dummy, minmay_misc_feat_nine_boxes
D:11:     layout_roguey
Temple:   jpeg_temple_island
Lair:1:   layout_regular_city, grunt_megastairs_3, lemuel_fruit_fields
Lair:2:   layout_chaotic_city
Lair:3:   layout_loops_ring, minmay_swamp_entry_worms, lemuel_fruit_fields
Lair:4:   minmay_guarded_unrand_snakebite, layout_small_grid,
          guppyfry_snake_entry_garden, serial_bayou, serial_bayou_shore_b,
          serial_bayou_pond_c, serial_bayou_pond_a, serial_bayou_shore_a,
          beast_lair_carwin_3, minmay_lair_oklob_chamber, grunt_megastairs_1,
          infiniplex_staircase_pool_2
Lair:5:   layout_regular_city, lemuel_fruit_fields
Lair:6:   grunt_lair_end_beastmaster, layout_regular_city,
          minmay_slime_entry_jelly_boxes, minivault_11,
          grunt_forest_stairs_basic

Skill      XL: |  1  2  3  4  5  6  7  8  9 10 11 12 13 |
---------------+----------------------------------------+-----
Unarmed Combat | 3 4 5 6 7 8 9 10 11 12 | 12.0
Dodging        | 3 4 5 6 7 8 |  8.8
Fighting       | 4 5 6 7 8 9 |  9.6
Throwing       | 1 2 4 5 6 7 |  7.5
Armour         | 2 3 4 6 7 |  7.6
Invocations    | 2 6 8 10 11 12 | 12.2
Evocations     | 2 4 5 |  5.6
Stealth        | |  1.7

Action                   |  1- 3 |  4- 6 |  7- 9 | 10-12 | 13-15 || total
-------------------------+-------+-------+-------+-------+-------++-------
Melee: Unarmed           |   103 |   376 |   250 |   514 |   170 ||  1413
       Punch             |       |     8 |     8 |    21 |     8 ||    45
       Whip              |       |       |       |       |    17 ||    17
Throw: Stone             |       |       |       |    29 |       ||    29
       Dart              |       |       |       |       |     2 ||     2
Invok: Draw Destruction  |       |       |     1 |    18 |     1 ||    20
       Draw Escape       |       |       |       |     2 |       ||     2
       Draw Summoning    |       |       |       |     1 |       ||     1
Evoke: Wand              |       |       |       |     1 |     1 ||     2
  Use: Scroll            |       |     1 |       |    20 |     1 ||    22
       Potion            |       |       |       |       |     3 ||     3
 Stab: Sleeping          |     5 |     3 |       |     5 |     3 ||    16
       Distracted        |       |       |     1 |       |       ||     1
Armor: Robe              |     5 |       |       |       |       ||     5
       Ring mail         |    20 |   166 |    10 |       |       ||   196
       Scale mail        |       |       |    70 |    26 |       ||    96
       Acid dragon scale |       |       |       |    21 |       ||    21
       Leather armour    |       |       |       |    79 |    63 ||   142
Dodge: Dodged            |    57 |   263 |   124 |   294 |   123 ||   861

Table legend: (Time is in decaauts)
 A = Elapsed time spent in this place.
 B = Non-inter-level travel time spent in this place.
 C = Inter-level travel time spent in this place.
 D = Time resting spent in this place.
 E = Time spent auto-exploring this place.
 F = Levels seen in this place.
 G = Mean time per level.
                   A        B        C        D        E       F      G
               +--------+--------+--------+--------+--------+-----+--------+
         Total |  17624 |  16861 |    763 |    528 |  12537 |  19 |  927.6 |
       Dungeon |  11394 |  10814 |    580 |    499 |   7891 |  11 | 1035.8 |
        Temple |    348 |    348 |      0 |      7 |    264 |   1 |  348.0 |
          Lair |   5364 |   5181 |    183 |     22 |   4187 |   6 |  894.0 |
         Sewer |    516 |    516 |      0 |      0 |    193 |   1 |  516.0 |
               +--------+--------+--------+--------+--------+-----+--------+

Top non-repeatable levels by time:
     D:1: 1733 daAuts
  Lair:4: 1478 daAuts
     D:3: 1419 daAuts
     D:4: 1140 daAuts
     D:7: 1041 daAuts
     D:6: 1026 daAuts
  Lair:5: 1026 daAuts
  Lair:1: 1021 daAuts
     D:5: 1006 daAuts
    D:10: 984 daAuts
  Lair:3: 853 daAuts
     D:2: 806 daAuts
  Lair:2: 789 daAuts
    D:11: 779 daAuts
     D:8: 733 daAuts
